 Dungeon Crawl Stone Soup version 0.31-a0-1009-g454b1f1 (webtiles) character file.

Game seed: 1719837207081950336

9 Partyfoot the Ruffian (level 2, 21/21 HPs)
             Began as a Demonspawn Shapeshifter on Nov 14, 2023.
             Quit the game on level 1 of the Dungeon.
             The game lasted 00:00:48 (290 turns).

Partyfoot the Ruffian (Demonspawn Shapeshifter)      Turns: 290, Time: 00:00:48

Health: 21/21      AC:  2    Str: 14    XL:     2   Next: 3%
Magic:  2/2        EV: 12    Int: 11    God:
Gold:   27         SH:  0    Dex: 12    Spells: 1/1 levels left

rFire   . . .        f - +0 dagger (venom)
rCold   . . .        (no shield)
rNeg    . . .        a - +0 animal skin
rPois   .            (helmet currently unavailable)
rElec   .            (cloak currently unavailable)
rCorr   .            (gloves currently unavailable)
SInv    .            (boots currently unavailable)
Will    .....        (no amulet)
Stlth   +            (no ring)
HPRegen 0.23/turn    (no ring)
MPRegen 0.08/turn

%: no passive effects
@: beast-form
A: beast (slay +1), demonic magic 1
a: Begin Untransformation


You were on level 1 of the Dungeon.
You were a hulking beast.
You visited 1 branch of the dungeon, and saw 1 of its levels.

You collected 27 gold pieces.

Inventory:

Hand Weapons
 f - a +0 dagger of venom (weapon)
Armour
 a - a +0 animal skin (worn)
Talismans
 c - a beast talisman
 d - a flux talisman
Scrolls
 e - a scroll of identify {unknown}
Potions
 b - a potion of lignification


   Skills:
 - Level 1.0 Fighting
 - Level 1.7 Dodging
 + Level 3.0 Unarmed Combat
 + Level 2.9 Shapeshifting


You had one spell level left.
You didn't know any spells.
Your spell library was empty.

Dungeon Overview and Level Annotations

Branches:
Dungeon (1/15)

Altars:


Innate Abilities, Weirdness & Mutations

You are a hulking beast.
Your limbs bulge with bestial killing power. (Slay +1)
Spells you cast may paralyse adjacent enemies.


Message History

You kill the goblin!
No target in view!
Things that are here:
a +0 dagger of venom; a goblin corpse
f - a +0 dagger of venom Your +0 dagger of venom begins to drip with poison!
f - a +0 dagger of venom (weapon)
A bat comes into view.
You see here a staff of air.
The bat barely misses you. The bat closely misses you. The bat hits you.
The bat closely misses you.
You miss the bat. The bat closely misses you.
You closely miss the bat. The bat closely misses you.
The bat hits you but does no damage.
You closely miss the bat. The bat hits you.
You hit the bat.
The bat is poisoned.
The bat is severely wounded.
The bat closely misses you.
You hit the bat.
You kill the bat!
No target in view!
A bat comes into view.
Found a scroll labelled DIODETR YNOM.
A bat is nearby!
A frilled lizard comes into view.
The helpless bat fails to defend itself.
You hit the bat.
You kill the bat!
Your Unarmed Combat skill increases to level 3!
You have reached level 2!
Your demonic ancestry asserts itself...
A menacing aura infuses your magic.
Found 2 gold pieces.
Found a stone staircase leading down.
You hit the frilled lizard.
You kill the frilled lizard!
No target in view!
No target in view!
No target in view!
Are you sure you want to abandon this character and quit the game? (Confirm with "yes".)

#..........
#..>...$..#
..........#..
.........#.#
..#.....?.#.#
............###
.......†.......
#h#... ###
#.###.#†# ###..
#.......# .....
#####.### ###..
#.# ### #.# #..
#.# ######..
#.# #.......
#.# #.####.#


There were no monsters in sight!

Vanquished Creatures
  2 bats (D:1)
  2 endoplasms (D:1)
  A goblin (D:1)
  A frilled lizard (D:1)
  A kobold (D:1)
  A rat (D:1)
8 creatures vanquished.

Notes
Turn   | Place    | Note
-------+----------+-------------------------------------------
     0 | D:1      | Partyfoot the Demonspawn Shapeshifter began the quest for
                  | the Orb.
     0 | D:1      | Reached XP level 1. HP: 15/15 MP: 1/1
   287 | D:1      | Reached skill level 3 in Unarmed Combat
   287 | D:1      | Gained mutation: Spells you cast may paralyse adjacent
                  | enemies. [demonic ancestry]
   287 | D:1      | Reached XP level 2. HP: 21/21 MP: 2/2
   290 | D:1      | Quit the game

Illustrated notes

Levels and vault maps discovered:
D:1:      dpeg_arrival_rhombus, layout_loops_ring

Skill      XL: |  1 |
---------------+----+-----
Unarmed Combat | 3 |  3.0
Fighting       | |  1.0
Dodging        | |  1.7
Shapeshifting  | |  2.9

Action                     || total
---------------------------++-------
  Melee: Unarmed           ||    14
         Dagger            ||     7
   Stab: Sleeping          ||     2
 Armour: Animal skin       ||     8
  Dodge: Dodged            ||    11

Table legend: (Time is in decaauts)
 A = Elapsed time spent in this place.
 B = Non-inter-level travel time spent in this place.
 C = Inter-level travel time spent in this place.
 D = Time resting spent in this place.
 E = Time spent auto-exploring this place.
 F = Levels seen in this place.
 G = Mean time per level.
                   A        B        C        D        E       F      G
               +--------+--------+--------+--------+--------+-----+--------+
         Total |    288 |    288 |      0 |      0 |    239 |   1 |  288.0 |
       Dungeon |    288 |    288 |      0 |      0 |    239 |   1 |  288.0 |
               +--------+--------+--------+--------+--------+-----+--------+

Top non-repeatable levels by time:
     D:1: 288 daAuts
